Red Wings vs Capitals
Created - December 6, 2020 at 19:31
Goals
|
| Red Wings |
0 |
2 |
2 |
4 |
| Capitals |
2 |
3 |
2 |
7 |
|
Shots
|
| Red Wings |
12 |
16 |
12 |
40 |
| Capitals |
12 |
10 |
9 |
31 |
|
1st period
1. Capitals , Jason Pominville 10 (Brent Burns 11, Ryan Nugent-Hopkins 3) at 12:44
2. Capitals , Joe Pavelski 11 (Derek Roy 19, Brent Burns 12) at 19:02
Penalties :
Nick Bjugstad (Det) for Hooking (Minor) at 0:39
2nd period
3. Capitals , Mikko Koivu 4 (Brent Burns 13, Ondrej Palat 6) at 3:21
4. Red Wings , Connor Brown 10 (Philip Samuelsson 10, Sean Bergenheim 18) at 16:26
5. Red Wings , Connor Brown 11 (Nick Bjugstad 14) at 17:02 (PP)
6. Capitals , Ryan Nugent-Hopkins 2 (Alexander Steen 9, Joe Pavelski 13) at 19:26
7. Capitals , Joe Pavelski 12 (Jeff Skinner 4, Derek Roy 20) at 19:53
Penalties :
Mike Green (Was) for Hooking (Minor) at 4:10, Joe Pavelski (Was) for Roughing (Minor) at 8:46, Jeff Skinner (Was) for Tripping (Minor) at 16:29
3rd period
8. Capitals , Jason Pominville 11 (Ryan Nugent-Hopkins 4, Alexander Steen 10) at 3:38
9. Capitals , William Karlsson 2 (Mikko Koivu 4) at 5:41
10. Red Wings , Nick Bjugstad 6 (Sean Bergenheim 19, Connor Brown 8) at 9:27
11. Red Wings , Petr Pohl 4 (Philip Samuelsson 11, Michael Haley 5) at 17:01
Penalties :
No Penalty
Goalie Stats
Josh Harding (Det), 7 saves from 9 shots - (0.778), 20:07 minutes
James Reimer (Det), 17 saves from 22 shots - (0.773), L, 7-5-3, 39:53 minutes
Keith Kinkaid (Was), 36 saves from 40 shots - (0.900), W, 4-0-0, 60:00 minutes
Players Stats for Red Wings
Player Name G A P +/- PIM S H SB GA TA FO MP PP MP PK MP
------------------------------------------------------------------------------------
Alex Picard 0 0 0 -2 0 1 0 0 1 0 0/1 11:24 0:00 0:00
Carson Mcmillan 0 0 0 -2 0 3 2 1 0 0 0/3 12:42 0:00 1:01
Connor Brown 2 1 3 1 0 4 2 0 0 0 0/1 18:06 2:06 0:00
Darroll Powe 0 0 0 -1 0 1 1 0 0 0 1/3 12:16 0:00 1:01
David Krejci 0 0 0 -2 0 2 1 1 1 0 7/9 10:50 0:00 0:00
Jakub Kindl 0 0 0 -1 0 2 2 0 1 1 0/0 16:46 1:51 0:00
Jiri Fischer 0 0 0 0 0 3 0 2 1 2 0/0 25:03 1:51 1:25
Karl Alzner 0 0 0 -3 0 0 0 2 1 0 0/0 17:18 0:00 0:34
Kris Versteeg 0 0 0 -2 0 5 0 2 0 0 2/3 17:32 2:25 0:00
Marko Dano 0 0 0 -2 0 4 1 1 0 2 0/1 17:10 2:06 0:00
Michael Haley 0 1 1 -1 0 1 1 0 0 0 0/1 11:40 0:00 0:58
Mike Richards 0 0 0 -2 0 2 4 0 0 0 7/19 17:32 2:25 0:00
Nick Bjugstad 1 1 2 1 2 5 1 0 2 1 8/23 18:40 2:06 0:00
Ole-Kristian Tollefsen 0 0 0 -3 0 1 2 1 0 0 0/0 20:02 2:40 0:34
Petr Pohl 1 0 1 -1 0 2 1 0 0 1 0/0 10:42 0:00 0:00
Philip Samuelsson 0 2 2 0 0 1 1 0 0 0 0/0 24:54 2:40 0:00
Ryan O'Byrne 0 0 0 -1 0 0 1 2 0 2 0/0 15:57 0:00 1:25
Sean Bergenheim 0 2 2 1 0 3 0 0 2 1 2/2 19:26 2:25 0:58
Players Stats for Capitals
Player Name G A P +/- PIM S H SB GA TA FO MP PP MP PK MP
------------------------------------------------------------------------------------
Alexander Steen 0 2 2 3 0 0 3 1 0 0 1/1 15:29 0:00 1:08
Blake Wheeler 0 0 0 0 0 1 2 0 0 0 0/1 11:43 0:02 0:00
Brent Burns 0 3 3 3 0 3 2 1 0 2 0/0 22:01 1:13 2:42
Derek Roy 0 2 2 0 0 3 2 0 0 0 17/27 24:11 1:05 2:42
Jason Pominville 2 0 2 3 0 4 0 0 0 0 1/2 15:11 0:54 0:24
Jeff Skinner 0 1 1 0 2 3 2 2 1 1 1/1 21:12 0:54 0:00
Joe Pavelski 2 1 3 0 2 4 1 0 1 0 3/6 23:30 1:03 1:41
Josh Manson 0 0 0 3 0 0 1 5 0 0 0/0 14:25 0:00 1:07
Marc-Édouard Vlasic 0 0 0 -2 0 0 1 3 2 0 0/0 22:23 0:00 0:00
Mike Green 0 0 0 -2 2 1 3 3 3 4 0/0 24:39 1:13 1:35
Mikko Koivu 1 1 2 1 0 2 0 0 0 0 2/2 8:51 0:00 1:14
Ondrej Palat 0 1 1 1 0 1 0 0 0 1 0/0 7:26 0:00 0:17
Patrick Sharp 0 0 0 0 0 0 1 0 0 1 0/0 13:03 1:03 0:24
Ryan Getzlaf 0 0 0 0 0 1 2 0 0 0 2/5 12:30 0:54 0:00
Ryan Nugent-Hopkins 1 2 3 3 0 2 1 0 1 0 9/17 14:44 0:00 0:51
Ryan Suter 0 0 0 3 0 2 2 2 0 0 0/0 20:55 0:46 1:49
Trevor Daley 0 0 0 3 0 1 1 1 1 0 0/0 15:36 0:46 1:49
William Karlsson 1 0 1 1 0 3 0 0 1 0 3/4 7:37 0:02 0:21
3 Stars
1 - Ryan Nugent-Hopkins (Was)
2 - Jason Pominville (Was)
3 - Brent Burns (Was)
Power Play
Red Wings - 1 on 3 Attempt(s) - 33.33%
Capitals - 0 on 1 Attempt(s) - 0.00%
Penalty Kill
Red Wings - 1 on 1 Attempt(s) - 100.00%
- Score 0 goal in Penalty Kill
Capitals - 2 on 3 Attempt(s) - 66.67%
- Score 0 goal in Penalty Kill
Team Stat
Red Wings - Hits : 20 - Faceoff Wins : 27 - Blocked Shots : 12 - Penalty Minutes : 2
Capitals - Hits : 24 - Faceoff Wins : 39 - Blocked Shots : 18 - Penalty Minutes : 6
Official
Referees : Unknown
Linesman : Unknown
Game Notes
Josh Harding enters game at 19:53 of 2nd period
Finance
Level 1 -- Attendance: 5427 (90.45%) -- Ticket Income $553,554
Level 2 -- Attendance: 5000 (100.00%) -- Ticket Income $260,000
Level 3 -- Attendance: 1879 (93.95%) -- Ticket Income $78,918
Level 4 -- Attendance: 4000 (100.00%) -- Ticket Income $104,000
Luxury Box -- Attendance: 829 (82.90%) -- Ticket Income $159,997
Game was played at the Verizon Center.
Total Attendance: 17135 (95.19%)
Total Ticket Income: $1,156,469
Other Income: $173,470
Total Income: $1,329,939
Red Wings
5 vs 5 Forward
Center Left Wing Right Wing Time % Phy DF OF
1 Mike Richards Marko Dano Kris Versteeg 35 0 2 3
2 Nick Bjugstad Sean Bergenheim Connor Brown 35 0 2 3
3 David Krejci Alex Picard Carson Mcmillan 20 0 3 2
4 Darroll Powe Michael Haley Petr Pohl 10 0 3 2
5 vs 5 Defense
Defense Defense Time % Phy DF OF
1 Jiri Fischer Philip Samuelsson 40 1 2 2
2 Ole-Kristian Tollefsen Karl Alzner 30 1 2 2
3 Ryan O'Byrne Jakub Kindl 20 1 2 2
4 Ryan O'Byrne Jakub Kindl 10 1 2 2
PowerPlay Forward
Center Left Wing Right Wing Time % Phy DF OF
1 Mike Richards Sean Bergenheim Kris Versteeg 55 0 1 4
2 Nick Bjugstad Marko Dano Connor Brown 45 0 1 4
PowerPlay Defense
Defense Defense Time % Phy DF OF
1 Philip Samuelsson Ole-Kristian Tollefsen 60 0 1 4
2 Jakub Kindl Jiri Fischer 40 0 1 4
Penalty Kill 4 Players Forward
Center Wing Time % Phy DF OF
1 Darroll Powe Carson Mcmillan 55 0 4 1
2 Sean Bergenheim Michael Haley 45 0 4 1
Penalty Kill 4 Players Defense
Defense Defense Time % Phy DF OF
1 Jiri Fischer Ryan O'Byrne 60 1 4 0
2 Karl Alzner Ole-Kristian Tollefsen 40 1 4 0
Penalty Kill - 3 Players Forward
Forward Time % Phy DF OF
1 Carson Mcmillan 60 0 5 0
2 Michael Haley 40 0 5 0
Penalty Kill - 3 Players Defense
Defense Defense Time % Phy DF OF
1 Jiri Fischer Ryan O'Byrne 60 0 5 0
2 Ole-Kristian Tollefsen Karl Alzner 40 0 5 0
4 vs 4 Forward
Center Wing Time % Phy DF OF
1 Mike Richards Marko Dano 60 0 2 3
2 Sean Bergenheim Connor Brown 40 0 2 3
4 vs 4 Defense
Defense Defense Time % Phy DF OF
1 Jiri Fischer Philip Samuelsson 60 0 3 2
2 Ole-Kristian Tollefsen Karl Alzner 40 0 3 2
Last Minutes Offensive
Center Left Wing Right Wing Defense Defense
Mike Richards Sean Bergenheim Kris Versteeg Philip Samuelsson Ole-Kristian Tollefsen
Last Minutes Defensive
Center Left Wing Right Wing Defense Defense
Darroll Powe Michael Haley Carson Mcmillan Ole-Kristian Tollefsen Ryan O'Byrne
Goaltenders
Starting : James Reimer
Backup : Josh Harding
Extra Forwards
Normal : Marko Dano, Connor Brown, Alex Picard - PP : David Krejci, Alex Picard - PK : Sean Bergenheim
Extra Defensemen
Normal : Jiri Fischer, Ole-Kristian Tollefsen, Jakub Kindl - PP : Jiri Fischer - PK : Jakub Kindl, Philip Samuelsson
Penalty Shots
Kris Versteeg, Mike Richards, Nick Bjugstad, Marko Dano, Carson Mcmillan
Scratches
Chuck Kobasew (Healthy), Petter Granberg (Healthy)
Capitals
5 vs 5 Forward
Center Left Wing Right Wing Time % Phy DF OF
1 Derek Roy Jeff Skinner Joe Pavelski 40 1 2 2
2 Ryan Nugent-Hopkins Alexander Steen Jason Pominville 30 1 2 2
3 Ryan Getzlaf Patrick Sharp Blake Wheeler 20 1 2 2
4 William Karlsson Ondrej Palat Mikko Koivu 10 1 2 2
5 vs 5 Defense
Defense Defense Time % Phy DF OF
1 Mike Green Marc-Édouard Vlasic 40 1 2 2
2 Brent Burns Ryan Suter 35 1 2 2
3 Trevor Daley Josh Manson 25 1 2 2
4 Mike Green Brent Burns 0 1 2 2
PowerPlay Forward
Center Left Wing Right Wing Time % Phy DF OF
1 Derek Roy Patrick Sharp Joe Pavelski 60 1 2 2
2 Ryan Getzlaf Jeff Skinner Jason Pominville 40 1 2 2
PowerPlay Defense
Defense Defense Time % Phy DF OF
1 Mike Green Brent Burns 60 1 2 2
2 Trevor Daley Ryan Suter 40 1 2 2
Penalty Kill 4 Players Forward
Center Wing Time % Phy DF OF
1 Joe Pavelski Derek Roy 60 1 2 2
2 Jason Pominville Patrick Sharp 40 1 2 2
Penalty Kill 4 Players Defense
Defense Defense Time % Phy DF OF
1 Mike Green Brent Burns 60 1 2 2
2 Trevor Daley Ryan Suter 40 1 2 2
Penalty Kill - 3 Players Forward
Forward Time % Phy DF OF
1 Joe Pavelski 60 1 2 2
2 Derek Roy 40 1 2 2
Penalty Kill - 3 Players Defense
Defense Defense Time % Phy DF OF
1 Mike Green Brent Burns 60 1 2 2
2 Trevor Daley Ryan Suter 40 1 2 2
4 vs 4 Forward
Center Wing Time % Phy DF OF
1 Joe Pavelski Derek Roy 60 1 2 2
2 Jason Pominville Patrick Sharp 40 1 2 2
4 vs 4 Defense
Defense Defense Time % Phy DF OF
1 Mike Green Brent Burns 60 1 2 2
2 Trevor Daley Ryan Suter 40 1 2 2
Last Minutes Offensive
Center Left Wing Right Wing Defense Defense
Derek Roy Patrick Sharp Joe Pavelski Mike Green Brent Burns
Last Minutes Defensive
Center Left Wing Right Wing Defense Defense
Derek Roy Patrick Sharp Joe Pavelski Mike Green Brent Burns
Goaltenders
Starting : Keith Kinkaid
Backup : Tuukka Rask
Extra Forwards
Normal : William Karlsson, Blake Wheeler, Mikko Koivu - PP : William Karlsson, Blake Wheeler - PK : Mikko Koivu
Extra Defensemen
Normal : Marc-Édouard Vlasic, Josh Manson, Trevor Daley - PP : Marc-Édouard Vlasic - PK : Josh Manson, Trevor Daley
Penalty Shots
Joe Pavelski, Derek Roy, Jason Pominville, Patrick Sharp, Ryan Getzlaf
Scratches
Torey Krug (Healthy), T.J. Oshie (Healthy)
% Time on Ice - Red Wings
Lines # - Real PCT - Wanted PCT - Time Play
Normal Forward
1 - 30% - 35% - 15:58
2 - 30% - 35% - 16:00
3 - 20% - 20% - 10:50
4 - 20% - 10% - 10:42
Normal Defense
1 - 42% - 40% - 22:14
2 - 31% - 30% - 16:21
3 - 19% - 20% - 10:21
4 - 9% - 10% - 4:34
PP Forward
1 - 54% - 55% - 2:25
2 - 46% - 45% - 2:06
PP Defense
1 - 59% - 60% - 2:40
2 - 41% - 40% - 1:51
PK Forward
1 - 51% - 55% - 1:01
2 - 49% - 45% - 0:58
PK Defense
1 - 71% - 60% - 1:25
2 - 29% - 40% - 0:34
PK3 Forward
1 - 0% - 60%
2 - 0% - 40%
PK3 Defense
1 - 0% - 60%
2 - 0% - 40%
44 Forward
1 - 0% - 60%
2 - 0% - 40%
44 Defense
1 - 0% - 60%
2 - 0% - 40%
Last Minute Offensive - 0:00
Last Minute Defensive - 0:00
Total
Forward - 60:00
Defense - 60:00
|
% Time on Ice - Capitals
Lines # - Real PCT - Wanted PCT - Time Play
Normal Forward
1 - 39% - 40% - 20:52
2 - 26% - 30% - 13:53
3 - 22% - 20% - 11:36
4 - 13% - 10% - 7:09
Normal Defense
1 - 42% - 40% - 22:16
2 - 34% - 35% - 18:23
3 - 24% - 25% - 12:51
4 - 0% - 0% - 0:00
PP Forward
1 - 55% - 60% - 1:05
2 - 45% - 40% - 0:54
PP Defense
1 - 61% - 60% - 1:13
2 - 39% - 40% - 0:46
PK Forward
1 - 91% - 60% - 4:07
2 - 9% - 40% - 0:24
PK Defense
1 - 60% - 60% - 2:42
2 - 40% - 40% - 1:49
PK3 Forward
1 - 0% - 60%
2 - 0% - 40%
PK3 Defense
1 - 0% - 60%
2 - 0% - 40%
44 Forward
1 - 0% - 60%
2 - 0% - 40%
44 Defense
1 - 0% - 60%
2 - 0% - 40%
Last Minute Offensive - 0:00
Last Minute Defensive - 0:00
Total
Forward - 60:00
Defense - 60:00
|
Play-by-Play
1st period
0:01 of 1st period - Derek Roy wins face-off versus Mike Richards in neutral zone.
0:06 of 1st period - Wrist shot by Derek Roy.
0:06 of 1st period - Stopped by James Reimer without a rebound.
0:07 of 1st period - Derek Roy wins face-off versus Mike Richards in Red Wings zone.
0:10 of 1st period - Slapshot by Joe Pavelski.
0:10 of 1st period - Shot Misses the Net.
0:28 of 1st period - Wrist shot by Derek Roy.
0:28 of 1st period - Shot Misses the Net.
0:30 of 1st period - Wrist shot by Joe Pavelski.
0:30 of 1st period - Stopped by James Reimer with a rebound.
0:32 of 1st period - Snap shot by Jeff Skinner.
0:32 of 1st period - Stopped by James Reimer without a rebound.
0:33 of 1st period - Ryan Nugent-Hopkins wins face-off versus Nick Bjugstad in Red Wings zone.
0:39 of 1st period - Minor Penalty to Nick Bjugstad for Hooking.
0:40 of 1st period - Derek Roy wins face-off versus Darroll Powe in Red Wings zone.
0:40 of 1st period - Snap shot by Mike Green.
0:40 of 1st period - Shot Blocked by Carson Mcmillan.
0:42 of 1st period - Slapshot by Mike Green.
0:42 of 1st period - Stopped by James Reimer without a rebound.
0:43 of 1st period - Derek Roy wins face-off versus Carson Mcmillan in Red Wings zone.
1:16 of 1st period - Slapshot by Michael Haley.
1:16 of 1st period - Stopped by Keith Kinkaid with a rebound.
1:18 of 1st period - Slapshot by Ryan O'Byrne.
1:18 of 1st period - Shot Blocked by Mike Green.
1:20 of 1st period - Slapshot by Michael Haley.
1:20 of 1st period - Shot Misses the Net.
2:25 of 1st period - Ryan O'Byrne is hit by Ryan Getzlaf and loses puck.
2:39 of 1st period - Penalty to Nick Bjugstad is over, Nick Bjugstad is back on ice.
2:42 of 1st period - Carson Mcmillan is hit by Blake Wheeler.
3:09 of 1st period - Darroll Powe is hit by Alexander Steen and loses puck.
3:16 of 1st period - Marc-Édouard Vlasic is hit by Darroll Powe and loses puck.
3:35 of 1st period - Patrick Sharp is hit by Mike Richards and loses puck.
4:36 of 1st period - Marc-Édouard Vlasic is hit by Ryan O'Byrne and loses puck.
4:40 of 1st period - Icing by Marc-Édouard Vlasic.
4:41 of 1st period - William Karlsson wins face-off versus Mike Richards in Capitals zone.
5:14 of 1st period - Icing by Karl Alzner.
5:15 of 1st period - Ryan Nugent-Hopkins wins face-off versus Kris Versteeg in Red Wings zone.
5:22 of 1st period - Snap shot by Jason Pominville.
5:22 of 1st period - Shot Blocked by Marko Dano.
5:24 of 1st period - Slapshot by Josh Manson.
5:24 of 1st period - Shot Blocked by Kris Versteeg.
5:30 of 1st period - Wrist shot by Alexander Steen.
5:30 of 1st period - Shot Misses the Net.
5:38 of 1st period - Slapshot by Ryan Nugent-Hopkins.
5:38 of 1st period - Stopped by James Reimer with a rebound.
6:09 of 1st period - Snap shot by Ryan Nugent-Hopkins.
6:09 of 1st period - Shot Hit the Post.
6:11 of 1st period - Slapshot by Ryan Suter.
6:11 of 1st period - Deflect By Jason Pominville.
6:11 of 1st period - Stopped by James Reimer without a rebound.
6:12 of 1st period - Derek Roy wins face-off versus Nick Bjugstad in Red Wings zone.
6:39 of 1st period - Ole-Kristian Tollefsen is hit by Blake Wheeler.
6:42 of 1st period - Off-side.
6:43 of 1st period - David Krejci wins face-off versus Ryan Getzlaf in neutral zone.
7:15 of 1st period - Snap shot by Jeff Skinner.
7:15 of 1st period - Stopped by James Reimer with a rebound.
7:28 of 1st period - David Krejci is hit by Derek Roy and loses puck.
7:45 of 1st period - Slapshot by Carson Mcmillan.
7:45 of 1st period - Shot Blocked by Josh Manson.
7:47 of 1st period - Snap shot by David Krejci.
7:47 of 1st period - Stopped by Keith Kinkaid with a rebound.
7:49 of 1st period - Slapshot by Jiri Fischer.
7:49 of 1st period - Stopped by Keith Kinkaid without a rebound.
7:50 of 1st period - Sean Bergenheim wins face-off versus Ryan Nugent-Hopkins in Capitals zone.
8:38 of 1st period - Snap shot by Jason Pominville.
8:38 of 1st period - Deflect By Ryan Nugent-Hopkins.
8:38 of 1st period - Shot Misses the Net.
8:38 of 1st period - Puck is out of play.
8:39 of 1st period - Derek Roy wins face-off versus Nick Bjugstad in Red Wings zone.
9:06 of 1st period - Ryan Suter is hit by Petr Pohl and loses puck.
9:15 of 1st period - Wrist shot by Darroll Powe.
9:15 of 1st period - Shot Misses the Net.
9:29 of 1st period - Wrist shot by Ondrej Palat.
9:29 of 1st period - Stopped by James Reimer with a rebound.
9:39 of 1st period - Slapshot by Marko Dano.
9:39 of 1st period - Stopped by Keith Kinkaid without a rebound.
9:40 of 1st period - Derek Roy wins face-off versus Nick Bjugstad in Capitals zone.
9:40 of 1st period - Derek Roy is hit by Philip Samuelsson.
10:34 of 1st period - Wrist shot by William Karlsson.
10:34 of 1st period - Shot Misses the Net.
10:52 of 1st period - Snap shot by David Krejci.
10:52 of 1st period - Shot Misses the Net.
11:02 of 1st period - David Krejci is hit by Ryan Getzlaf and loses puck.
11:45 of 1st period - Snap shot by Mike Richards.
11:45 of 1st period - Stopped by Keith Kinkaid without a rebound.
11:46 of 1st period - David Krejci wins face-off versus Blake Wheeler in Capitals zone.
11:47 of 1st period - Snap shot by Carson Mcmillan.
11:47 of 1st period - Stopped by Keith Kinkaid with a rebound.
11:51 of 1st period - Wrist shot by Alex Picard.
11:51 of 1st period - Stopped by Keith Kinkaid with a rebound.
11:53 of 1st period - Slapshot by Ole-Kristian Tollefsen.
11:53 of 1st period - Stopped by Keith Kinkaid with a rebound.
12:13 of 1st period - Kris Versteeg is hit by Jeff Skinner and loses puck.
12:42 of 1st period - Wrist shot by Brent Burns.
12:42 of 1st period - Shot Blocked by Karl Alzner.
12:44 of 1st period - Snap shot by Jason Pominville.
12:44 of 1st period - Goal by Jason Pominville - Red Wings : 0 - Capitals : 1.
12:45 of 1st period - Nick Bjugstad wins face-off versus Derek Roy in neutral zone.
12:55 of 1st period - Slapshot by Connor Brown.
12:55 of 1st period - Stopped by Keith Kinkaid with a rebound.
13:11 of 1st period - Ryan O'Byrne is hit by Alexander Steen and loses puck.
13:40 of 1st period - Mike Richards is hit by Patrick Sharp and loses puck.
14:18 of 1st period - Karl Alzner is hit by Mike Green and loses puck.
14:41 of 1st period - Mike Green is hit by Ole-Kristian Tollefsen and loses puck.
15:04 of 1st period - Wrist shot by Patrick Sharp.
15:04 of 1st period - Shot Blocked by Jiri Fischer.
15:09 of 1st period - Off-side.
15:10 of 1st period - Nick Bjugstad wins face-off versus Derek Roy in neutral zone.
15:16 of 1st period - Off-side.
15:17 of 1st period - Derek Roy wins face-off versus Nick Bjugstad in neutral zone.
16:24 of 1st period - Wrist shot by Connor Brown.
16:24 of 1st period - Deflect By Sean Bergenheim.
16:24 of 1st period - Stopped by Keith Kinkaid without a rebound.
16:25 of 1st period - Ryan Nugent-Hopkins wins face-off versus Alex Picard in Capitals zone.
16:25 of 1st period - Ryan Nugent-Hopkins is hit by David Krejci.
16:57 of 1st period - Off-side.
16:58 of 1st period - Mike Richards wins face-off versus Ryan Getzlaf in neutral zone.
17:03 of 1st period - Snap shot by Marko Dano.
17:03 of 1st period - Stopped by Keith Kinkaid without a rebound.
17:04 of 1st period - Ryan Getzlaf wins face-off versus Mike Richards in Capitals zone.
17:04 of 1st period - Ryan Getzlaf is hit by Mike Richards.
17:38 of 1st period - Ole-Kristian Tollefsen is hit by Derek Roy and loses puck.
18:24 of 1st period - Wrist shot by David Krejci.
18:24 of 1st period - Stopped by Keith Kinkaid with a rebound.
18:26 of 1st period - Snap shot by Alex Picard.
18:26 of 1st period - Shot Misses the Net.
18:28 of 1st period - Slapshot by Jiri Fischer.
18:28 of 1st period - Shot Blocked by Ryan Suter.
18:42 of 1st period - Wrist shot by William Karlsson.
18:42 of 1st period - Stopped by James Reimer with a rebound.
19:00 of 1st period - Backhand shot by Derek Roy.
19:00 of 1st period - Stopped by James Reimer with a rebound.
19:02 of 1st period - Snap shot by Joe Pavelski.
19:02 of 1st period - Goal by Joe Pavelski - Red Wings : 0 - Capitals : 2.
19:03 of 1st period - Derek Roy wins face-off versus Nick Bjugstad in neutral zone.
Goals for this period are 0 for Red Wings vs 2 for Capitals.
Shots for this period are 12 for Red Wings vs 12 for Capitals.
2nd period
0:01 of 2nd period - Ryan Nugent-Hopkins wins face-off versus Connor Brown in neutral zone.
0:26 of 2nd period - Derek Roy is hit by Carson Mcmillan and loses puck.
0:31 of 2nd period - Slapshot by Carson Mcmillan.
0:31 of 2nd period - Stopped by Keith Kinkaid without a rebound.
0:32 of 2nd period - David Krejci wins face-off versus Derek Roy in Capitals zone.
0:46 of 2nd period - Wrist shot by Joe Pavelski.
0:46 of 2nd period - Stopped by James Reimer with a rebound.
0:48 of 2nd period - Slapshot by Josh Manson.
0:48 of 2nd period - Shot Misses the Net.
1:22 of 2nd period - Icing by Jakub Kindl.
1:23 of 2nd period - Nick Bjugstad wins face-off versus Ryan Nugent-Hopkins in Red Wings zone.
2:19 of 2nd period - Wrist shot by Connor Brown.
2:19 of 2nd period - Deflect By Nick Bjugstad.
2:19 of 2nd period - Stopped by Keith Kinkaid with a rebound.
2:21 of 2nd period - Wrist shot by Sean Bergenheim.
2:21 of 2nd period - Stopped by Keith Kinkaid without a rebound.
2:22 of 2nd period - Derek Roy wins face-off versus Mike Richards in Capitals zone.
2:29 of 2nd period - Snap shot by Joe Pavelski.
2:29 of 2nd period - Shot Misses the Net.
3:19 of 2nd period - Slapshot by Brent Burns.
3:19 of 2nd period - Stopped by James Reimer with a rebound.
3:21 of 2nd period - Snap shot by Mikko Koivu.
3:21 of 2nd period - Goal by Mikko Koivu - Red Wings : 0 - Capitals : 3.
3:22 of 2nd period - Mike Richards wins face-off versus Derek Roy in neutral zone.
3:29 of 2nd period - Snap shot by Kris Versteeg.
3:29 of 2nd period - Shot Blocked by Josh Manson.
3:31 of 2nd period - Slapshot by Jiri Fischer.
3:31 of 2nd period - Stopped by Keith Kinkaid without a rebound.
3:32 of 2nd period - Mike Richards wins face-off versus Joe Pavelski in Capitals zone.
3:35 of 2nd period - Snap shot by Kris Versteeg.
3:35 of 2nd period - Stopped by Keith Kinkaid with a rebound.
3:37 of 2nd period - Backhand shot by Jiri Fischer.
3:37 of 2nd period - Deflect By Mike Richards.
3:37 of 2nd period - Stopped by Keith Kinkaid with a rebound.
4:01 of 2nd period - Slapshot by Kris Versteeg.
4:01 of 2nd period - Stopped by Keith Kinkaid without a rebound.
4:02 of 2nd period - Nick Bjugstad wins face-off versus Ryan Nugent-Hopkins in Capitals zone.
4:07 of 2nd period - Wrist shot by Nick Bjugstad.
4:07 of 2nd period - Stopped by Keith Kinkaid without a rebound.
4:08 of 2nd period - Alexander Steen wins face-off versus Nick Bjugstad in Capitals zone.
4:10 of 2nd period - Minor Penalty to Mike Green for Hooking.
4:11 of 2nd period - Kris Versteeg wins face-off versus Joe Pavelski in Capitals zone.
4:37 of 2nd period - Marko Dano is hit by Brent Burns and loses puck.
4:46 of 2nd period - Wrist shot by Nick Bjugstad.
4:46 of 2nd period - Stopped by Keith Kinkaid without a rebound.
4:47 of 2nd period - Joe Pavelski wins face-off versus Mike Richards in Capitals zone.
6:10 of 2nd period - Penalty to Mike Green is over, Mike Green is back on ice.
6:29 of 2nd period - Wrist shot by Petr Pohl.
6:29 of 2nd period - Shot Blocked by Josh Manson.
6:31 of 2nd period - Wrist shot by Darroll Powe.
6:31 of 2nd period - Shot Misses the Net.
6:33 of 2nd period - Slapshot by Jakub Kindl.
6:33 of 2nd period - Deflect By Darroll Powe.
6:33 of 2nd period - Shot Blocked by Josh Manson.
6:33 of 2nd period - Puck is out of play.
6:34 of 2nd period - David Krejci wins face-off versus Ryan Nugent-Hopkins in Capitals zone.
6:35 of 2nd period - Snap shot by Carson Mcmillan.
6:35 of 2nd period - Shot Misses the Net.
6:41 of 2nd period - Slapshot by Mike Green.
6:41 of 2nd period - Shot Blocked by David Krejci.
7:01 of 2nd period - Mike Green is hit by Jakub Kindl and loses puck.
7:59 of 2nd period - Snap shot by Blake Wheeler.
7:59 of 2nd period - Stopped by James Reimer with a rebound.
8:11 of 2nd period - Slapshot by Petr Pohl.
8:11 of 2nd period - Shot Misses the Net.
8:13 of 2nd period - Slapshot by Philip Samuelsson.
8:13 of 2nd period - Shot Blocked by Trevor Daley.
8:25 of 2nd period - Wrist shot by Petr Pohl.
8:25 of 2nd period - Shot Blocked by Josh Manson.
8:27 of 2nd period - Wrist shot by Darroll Powe.
8:27 of 2nd period - Stopped by Keith Kinkaid with a rebound.
8:29 of 2nd period - Slapshot by Philip Samuelsson.
8:29 of 2nd period - Stopped by Keith Kinkaid without a rebound.
8:30 of 2nd period - Derek Roy wins face-off versus Nick Bjugstad in Capitals zone.
8:37 of 2nd period - Wrist shot by Nick Bjugstad.
8:37 of 2nd period - Stopped by Keith Kinkaid with a rebound.
8:39 of 2nd period - Slapshot by Karl Alzner.
8:39 of 2nd period - Shot Blocked by Brent Burns.
8:41 of 2nd period - Backhand shot by Nick Bjugstad.
8:41 of 2nd period - Shot Misses the Net.
8:43 of 2nd period - Slapshot by Ole-Kristian Tollefsen.
8:43 of 2nd period - Deflect By Connor Brown.
8:43 of 2nd period - Shot Misses the Net.
8:43 of 2nd period - Puck is out of play.
8:44 of 2nd period - Derek Roy wins face-off versus Mike Richards in Capitals zone.
8:46 of 2nd period - Minor Penalty to Joe Pavelski for Roughing.
8:47 of 2nd period - Mikko Koivu wins face-off versus Mike Richards in Capitals zone.
9:01 of 2nd period - Mikko Koivu is hit by Mike Richards and loses puck.
9:26 of 2nd period - Ryan Suter is hit by Marko Dano and loses puck.
10:46 of 2nd period - Penalty to Joe Pavelski is over, Joe Pavelski is back on ice.
11:16 of 2nd period - Icing by Mikko Koivu.
11:17 of 2nd period - David Krejci wins face-off versus Ryan Getzlaf in Capitals zone.
11:44 of 2nd period - Derek Roy is hit by Mike Richards and loses puck.
12:01 of 2nd period - Off-side.
12:02 of 2nd period - William Karlsson wins face-off versus Nick Bjugstad in neutral zone.
12:25 of 2nd period - Derek Roy is hit by Carson Mcmillan.
12:41 of 2nd period - Jiri Fischer is hit by Jeff Skinner and loses puck.
12:56 of 2nd period - Slapshot by Jiri Fischer.
12:56 of 2nd period - Deflect By Alex Picard.
12:56 of 2nd period - Shot Misses the Net.
12:56 of 2nd period - Puck is out of play.
12:57 of 2nd period - Mike Richards wins face-off versus Ryan Nugent-Hopkins in Capitals zone.
13:10 of 2nd period - Slapshot by Marko Dano.
13:10 of 2nd period - Stopped by Keith Kinkaid with a rebound.
13:12 of 2nd period - Slapshot by Karl Alzner.
13:12 of 2nd period - Shot Misses the Net.
13:14 of 2nd period - Slapshot by Ole-Kristian Tollefsen.
13:14 of 2nd period - Shot Misses the Net.
13:24 of 2nd period - Ole-Kristian Tollefsen is hit by Marc-Édouard Vlasic and loses puck.
13:42 of 2nd period - Icing by Josh Manson.
13:43 of 2nd period - Mikko Koivu wins face-off versus Michael Haley in Capitals zone.
13:43 of 2nd period - Mikko Koivu is hit by Michael Haley.
13:49 of 2nd period - Wrist shot by Mikko Koivu.
13:49 of 2nd period - Stopped by James Reimer without a rebound.
13:50 of 2nd period - Mike Richards wins face-off versus William Karlsson in Red Wings zone.
13:55 of 2nd period - Wrist shot by Jiri Fischer.
13:55 of 2nd period - Stopped by Keith Kinkaid without a rebound.
13:56 of 2nd period - Kris Versteeg wins face-off versus Derek Roy in Capitals zone.
13:57 of 2nd period - Snap shot by Marko Dano.
13:57 of 2nd period - Shot Blocked by Marc-Édouard Vlasic.
14:33 of 2nd period - Slapshot by Jason Pominville.
14:33 of 2nd period - Shot Blocked by Jiri Fischer.
14:35 of 2nd period - Wrist shot by Marc-Édouard Vlasic.
14:35 of 2nd period - Shot Misses the Net.
14:37 of 2nd period - Slapshot by Mike Green.
14:37 of 2nd period - Shot Misses the Net.
15:31 of 2nd period - Wrist shot by Jeff Skinner.
15:31 of 2nd period - Shot Blocked by Ole-Kristian Tollefsen.
15:33 of 2nd period - Slapshot by Brent Burns.
15:33 of 2nd period - Stopped by James Reimer with a rebound.
15:35 of 2nd period - Slapshot by Ryan Suter.
15:35 of 2nd period - Shot Misses the Net.
15:37 of 2nd period - Slapshot by Ryan Suter.
15:37 of 2nd period - Stopped by James Reimer with a rebound.
15:54 of 2nd period - Icing by Ole-Kristian Tollefsen.
15:55 of 2nd period - Ryan Nugent-Hopkins wins face-off versus Carson Mcmillan in Red Wings zone.
16:10 of 2nd period - Snap shot by Jason Pominville.
16:10 of 2nd period - Stopped by James Reimer without a rebound.
16:11 of 2nd period - Nick Bjugstad wins face-off versus Derek Roy in Red Wings zone.
16:26 of 2nd period - Snap shot by Connor Brown.
16:26 of 2nd period - Goal by Connor Brown - Red Wings : 1 - Capitals : 3.
16:27 of 2nd period - Jeff Skinner wins face-off versus Nick Bjugstad in neutral zone.
16:29 of 2nd period - Minor Penalty to Jeff Skinner for Tripping.
16:30 of 2nd period - Joe Pavelski wins face-off versus Mike Richards in Capitals zone.
16:42 of 2nd period - Wrist shot by Derek Roy.
16:42 of 2nd period - Shot Misses the Net.
16:58 of 2nd period - Snap shot by Connor Brown.
16:58 of 2nd period - Shot Misses the Net.
17:00 of 2nd period - Snap shot by Nick Bjugstad.
17:00 of 2nd period - Shot Blocked by Mike Green.
17:02 of 2nd period - Slapshot by Connor Brown.
17:02 of 2nd period - Goal by Connor Brown - Red Wings : 2 - Capitals : 3.
17:03 of 2nd period - Nick Bjugstad wins face-off versus Ryan Nugent-Hopkins in neutral zone.
17:12 of 2nd period - Wrist shot by Nick Bjugstad.
17:12 of 2nd period - Shot Blocked by Alexander Steen.
17:53 of 2nd period - Wrist shot by Carson Mcmillan.
17:53 of 2nd period - Shot Misses the Net.
18:15 of 2nd period - Alexander Steen is hit by Jakub Kindl and loses puck.
18:36 of 2nd period - Backhand shot by Petr Pohl.
18:36 of 2nd period - Deflect By Brent Burns.
18:36 of 2nd period - Shot Misses the Net.
18:36 of 2nd period - Puck is out of play.
18:37 of 2nd period - William Karlsson wins face-off versus Nick Bjugstad in Capitals zone.
19:24 of 2nd period - Snap shot by Alexander Steen.
19:24 of 2nd period - Shot Misses the Net.
19:26 of 2nd period - Snap shot by Ryan Nugent-Hopkins.
19:26 of 2nd period - Goal by Ryan Nugent-Hopkins - Red Wings : 2 - Capitals : 4.
19:27 of 2nd period - Sean Bergenheim wins face-off versus Joe Pavelski in neutral zone.
19:39 of 2nd period - Off-side.
19:40 of 2nd period - Mike Richards wins face-off versus Derek Roy in neutral zone.
19:53 of 2nd period - Slapshot by Joe Pavelski.
19:53 of 2nd period - Goal by Joe Pavelski - Red Wings : 2 - Capitals : 5.
19:53 of 2nd period - Josh Harding enters game.
19:54 of 2nd period - Derek Roy wins face-off versus Nick Bjugstad in neutral zone.
Goals for this period are 2 for Red Wings vs 3 for Capitals.
Shots for this period are 16 for Red Wings vs 10 for Capitals.
3rd period
0:01 of 3rd period - Derek Roy wins face-off versus Marko Dano in neutral zone.
0:10 of 3rd period - Slapshot by Kris Versteeg.
0:10 of 3rd period - Shot Misses the Net.
0:14 of 3rd period - Wrist shot by Kris Versteeg.
0:14 of 3rd period - Stopped by Keith Kinkaid with a rebound.
0:16 of 3rd period - Snap shot by Kris Versteeg.
0:16 of 3rd period - Shot Blocked by Mike Green.
0:48 of 3rd period - Slapshot by Ryan Getzlaf.
0:48 of 3rd period - Stopped by Josh Harding with a rebound.
1:33 of 3rd period - Slapshot by Ryan Suter.
1:33 of 3rd period - Stopped by Josh Harding without a rebound.
1:34 of 3rd period - Derek Roy wins face-off versus Mike Richards in Red Wings zone.
1:45 of 3rd period - Snap shot by Kris Versteeg.
1:45 of 3rd period - Shot Blocked by Marc-Édouard Vlasic.
1:47 of 3rd period - Slapshot by Marko Dano.
1:47 of 3rd period - Stopped by Keith Kinkaid with a rebound.
1:49 of 3rd period - Snap shot by Kris Versteeg.
1:49 of 3rd period - Stopped by Keith Kinkaid with a rebound.
2:09 of 3rd period - Snap shot by Derek Roy.
2:09 of 3rd period - Shot Blocked by Kris Versteeg.
2:27 of 3rd period - Snap shot by Kris Versteeg.
2:27 of 3rd period - Stopped by Keith Kinkaid without a rebound.
2:28 of 3rd period - Ryan Nugent-Hopkins wins face-off versus Nick Bjugstad in Capitals zone.
2:28 of 3rd period - Ryan Nugent-Hopkins is hit by Connor Brown.
2:54 of 3rd period - Ole-Kristian Tollefsen is hit by Ryan Suter and loses puck.
3:00 of 3rd period - Off-side.
3:01 of 3rd period - Ryan Getzlaf wins face-off versus Nick Bjugstad in neutral zone.
3:04 of 3rd period - Slapshot by Trevor Daley.
3:04 of 3rd period - Stopped by Josh Harding with a rebound.
3:36 of 3rd period - Wrist shot by Ryan Nugent-Hopkins.
3:36 of 3rd period - Shot Misses the Net.
3:38 of 3rd period - Snap shot by Jason Pominville.
3:38 of 3rd period - Goal by Jason Pominville - Red Wings : 2 - Capitals : 6.
3:39 of 3rd period - Nick Bjugstad wins face-off versus Derek Roy in neutral zone.
4:00 of 3rd period - Nick Bjugstad is hit by Mike Green and loses puck.
4:37 of 3rd period - Slapshot by Connor Brown.
4:37 of 3rd period - Shot Blocked by Marc-Édouard Vlasic.
4:39 of 3rd period - Slapshot by Jiri Fischer.
4:39 of 3rd period - Shot Misses the Net.
4:41 of 3rd period - Wrist shot by Sean Bergenheim.
4:41 of 3rd period - Shot Blocked by Jeff Skinner.
4:51 of 3rd period - Wrist shot by Sean Bergenheim.
4:51 of 3rd period - Stopped by Keith Kinkaid with a rebound.
4:53 of 3rd period - Slapshot by Jiri Fischer.
4:53 of 3rd period - Shot Hit the Post.
4:55 of 3rd period - Snap shot by Sean Bergenheim.
4:55 of 3rd period - Shot Misses the Net.
5:05 of 3rd period - Backhand shot by Connor Brown.
5:05 of 3rd period - Stopped by Keith Kinkaid without a rebound.
5:06 of 3rd period - Ryan Nugent-Hopkins wins face-off versus Mike Richards in Capitals zone.
5:11 of 3rd period - Snap shot by Brent Burns.
5:11 of 3rd period - Stopped by Josh Harding with a rebound.
5:41 of 3rd period - Wrist shot by William Karlsson.
5:41 of 3rd period - Goal by William Karlsson - Red Wings : 2 - Capitals : 7.
5:42 of 3rd period - Jason Pominville wins face-off versus David Krejci in neutral zone.
5:46 of 3rd period - Off-side.
5:47 of 3rd period - Ryan Nugent-Hopkins wins face-off versus David Krejci in neutral zone.
6:22 of 3rd period - Snap shot by Patrick Sharp.
6:22 of 3rd period - Shot Blocked by Ryan O'Byrne.
7:20 of 3rd period - Jiri Fischer is hit by Trevor Daley and loses puck.
8:10 of 3rd period - Icing by Philip Samuelsson.
8:11 of 3rd period - Derek Roy wins face-off versus Nick Bjugstad in Red Wings zone.
8:58 of 3rd period - Wrist shot by Carson Mcmillan.
8:58 of 3rd period - Stopped by Keith Kinkaid with a rebound.
9:04 of 3rd period - Alex Picard is hit by Josh Manson and loses puck.
9:25 of 3rd period - Snap shot by Connor Brown.
9:25 of 3rd period - Shot Misses the Net.
9:27 of 3rd period - Snap shot by Sean Bergenheim.
9:27 of 3rd period - Deflect By Nick Bjugstad.
9:27 of 3rd period - Goal by Nick Bjugstad - Red Wings : 3 - Capitals : 7.
9:28 of 3rd period - Ryan Nugent-Hopkins wins face-off versus Mike Richards in neutral zone.
9:55 of 3rd period - Mike Green is hit by Nick Bjugstad and loses puck.
10:24 of 3rd period - Darroll Powe is hit by Joe Pavelski and loses puck.
10:30 of 3rd period - Icing by Ryan O'Byrne.
10:31 of 3rd period - Darroll Powe wins face-off versus Jason Pominville in Red Wings zone.
10:31 of 3rd period - Darroll Powe is hit by Alexander Steen.
11:29 of 3rd period - Slapshot by William Karlsson.
11:29 of 3rd period - Stopped by Josh Harding without a rebound.
11:30 of 3rd period - David Krejci wins face-off versus Derek Roy in Red Wings zone.
11:55 of 3rd period - Marko Dano is hit by Mike Green and loses puck.
12:27 of 3rd period - Off-side.
12:28 of 3rd period - Joe Pavelski wins face-off versus Carson Mcmillan in neutral zone.
12:30 of 3rd period - Off-side.
12:31 of 3rd period - David Krejci wins face-off versus Derek Roy in neutral zone.
12:34 of 3rd period - Snap shot by Jakub Kindl.
12:34 of 3rd period - Stopped by Keith Kinkaid with a rebound.
12:46 of 3rd period - Snap shot by David Krejci.
12:46 of 3rd period - Shot Blocked by Jeff Skinner.
12:58 of 3rd period - Snap shot by Nick Bjugstad.
12:58 of 3rd period - Deflect By Connor Brown.
12:58 of 3rd period - Shot Blocked by Ryan Suter.
12:58 of 3rd period - Puck is out of play.
12:59 of 3rd period - Nick Bjugstad wins face-off versus Ryan Nugent-Hopkins in Capitals zone.
13:26 of 3rd period - Patrick Sharp is hit by Ole-Kristian Tollefsen and loses puck.
13:35 of 3rd period - Slapshot by Marc-Édouard Vlasic.
13:35 of 3rd period - Shot Misses the Net.
13:37 of 3rd period - Snap shot by Patrick Sharp.
13:37 of 3rd period - Shot Blocked by Ryan O'Byrne.
13:55 of 3rd period - David Krejci is hit by Brent Burns and loses puck.
14:10 of 3rd period - Snap shot by Petr Pohl.
14:10 of 3rd period - Stopped by Keith Kinkaid with a rebound.
14:12 of 3rd period - Backhand shot by Jakub Kindl.
14:12 of 3rd period - Stopped by Keith Kinkaid without a rebound.
14:13 of 3rd period - Derek Roy wins face-off versus Darroll Powe in Capitals zone.
14:49 of 3rd period - Wrist shot by Jeff Skinner.
14:49 of 3rd period - Stopped by Josh Harding with a rebound.
14:51 of 3rd period - Wrist shot by Marc-Édouard Vlasic.
14:51 of 3rd period - Shot Blocked by Karl Alzner.
14:53 of 3rd period - Snap shot by Derek Roy.
14:53 of 3rd period - Stopped by Josh Harding with a rebound.
16:29 of 3rd period - Wrist shot by Darroll Powe.
16:29 of 3rd period - Shot Misses the Net.
16:43 of 3rd period - Wrist shot by Darroll Powe.
16:43 of 3rd period - Shot Misses the Net.
17:01 of 3rd period - Snap shot by Petr Pohl.
17:01 of 3rd period - Goal by Petr Pohl - Red Wings : 4 - Capitals : 7.
17:02 of 3rd period - Mike Richards wins face-off versus Ryan Nugent-Hopkins in neutral zone.
17:28 of 3rd period - Karl Alzner is hit by Ryan Suter and loses puck.
18:53 of 3rd period - Alexander Steen is hit by Connor Brown and loses puck.
19:52 of 3rd period - Marko Dano is hit by Ryan Nugent-Hopkins and loses puck.
Goals for this period are 2 for Red Wings vs 2 for Capitals.
Shots for this period are 12 for Red Wings vs 9 for Capitals.